 Dungeon Crawl Stone Soup version 0.31-a0-246-g8cbcc1cb85 (webtiles) character file.

Game seed: 4660780189108592260

65 qw the Shooter (level 3, -9/29 HPs)
             Began as a Minotaur Hexslinger on July 12, 2023.
             Mangled by an iguana (12 damage)
             ... on level 4 of the Dungeon.
             The game lasted 00:00:30 (998 turns).

qw the Shooter (Minotaur Hexslinger)                 Turns: 998, Time: 00:00:30

Health: -9/29      AC:  2    Str: 18    XL:     3   Next: 94%
Magic:  3/3        EV: 12    Int: 10    God:
Gold:   122        SH:  0    Dex: 14    Spells: 3/4 levels left

rFire   . . .        Y - +1 sling
rCold   . . .        (no shield)
rNeg    . . .        c - +0 robe
rPois   .            (helmet restricted)
rElec   +            (no cloak)
rCorr   .            (no gloves)
SInv    .            (no boots)
Will    +....        (no amulet)
Stlth   +            g - ring of willpower
HPRegen 0.24/turn    k - +6 ring of strength
MPRegen 0.08/turn

%: clarity
@: no status effects
A: horns 2, retaliatory headbutt, clarity, electricity resistance
a: no special abilities


You were on level 4 of the Dungeon.
You visited 1 branch of the dungeon, and saw 3 of its levels.

You collected 122 gold pieces.


Innate Abilities, Weirdness & Mutations

You have a pair of horns on your head.
You reflexively headbutt those who attack you in melee.
You possess an exceptional clarity of mind.
You are resistant to electric shocks. (rElec)


   Skills:
 - Level 2.0 Fighting
 + Level 4.4 Ranged Weapons
 - Level 2.1 Dodging
 - Level 1.0 Spellcasting
 - Level 2.0 Hexes


You had 3 spell levels left.
You knew the following spells:

 Your Spells              Type           Power      Damage    Failure   Level
a - Slow                  Hex            16%        N/A       16%         1

Your spell library contained the following spells:

 Spells                   Type           Power      Damage    Failure   Level
 Inner Flame              Hex/Fire       2%         N/A       56%         3
 Portal Projectile        Hex/Tloc       4%         N/A       56%         3
 Cause Fear               Hex            2%         N/A       83%         4

Inventory:

Hand Weapons
 Y - a +1 sling (weapon)
Armour
 c - a +0 robe (worn)
Jewellery
 g - a ring of willpower (left hand)
 k - a +6 ring of strength (right hand)
Scrolls
 b - a scroll of teleportation {unknown}
Potions
 a - a potion of berserk rage {unknown}
 d - a potion of invisibility {unknown}
 f - a potion of curing {unknown}
 j - 2 potions of mutation

Dungeon Overview and Level Annotations

Branches:
Dungeon (2/15)

Altars:
Ashenzari


Message History

You shoot a sling bullet.
The sling bullet closely misses the jackal.
You shoot a sling bullet. The sling bullet hits the jackal.
The jackal is moderately wounded.
The jackal bites you but does no damage.
You shoot a sling bullet.
The sling bullet hits the jackal but does no damage.
You hear a bark!
The jackal bites you but does no damage.
A kobold comes into view. It is wielding a +0 dagger.
The jackal closely misses you.
The kobold shouts!
You shoot a sling bullet. The sling bullet misses the jackal.
The sling bullet barely misses the jackal.
The jackal bites you but does no damage.
The jackal misses you.
You shoot a sling bullet.
The sling bullet closely misses the jackal. x2
The jackal barks!
The sling bullet hits the jackal but does no damage.
You hear a shout!
The jackal barely misses you. You furiously retaliate!
You headbutt the jackal!
You kill the jackal!
The iguana hisses menacingly.
You shoot a sling bullet. The sling bullet hits the iguana.
The iguana is lightly wounded.
You hear a shout!
The iguana bites you!
You shoot a sling bullet.
The sling bullet closely misses the iguana.
The sling bullet closely misses the jackal.
The sling bullet hits the jackal.
The jackal is heavily wounded.
The iguana bites you!
You shoot a sling bullet.
The sling bullet closely misses the iguana.
The sling bullet barely misses the jackal.
The sling bullet closely misses the kobold.
The iguana bites you!
You die...

.g #h +##h #
###### ... .##
##....# #.h #.#
#..##.# #..
#.###..##.#
####.h##.##...##.#
#...Khl@...#..##.#
#.######.##...##.#
#.##...##.#
#.##...##.#
#.........#
..##...###
.......# ..# #..#
....


You could see an iguana, 2 jackals and a kobold.

Vanquished Creatures
  Jessica (D:2)
  A dart slug (D:1)
  4 endoplasms
  A giant cockroach (D:1)
  A goblin (D:2)
  4 hobgoblins (D:1)
  A jackal (D:4)
  2 quokkas
  6 ball pythons
  3 bats
  3 frilled lizards (D:1)
  5 kobolds
  6 rats
38 creatures vanquished.

Notes
Turn   | Place    | Note
-------+----------+-------------------------------------------
     0 | D:1      | qw the Minotaur Hexslinger began the quest for the Orb.
     0 | D:1      | Reached XP level 1. HP: 16/16 MP: 1/1
     0 | D:1      | 0 ||| qw: Version: 0.3-a-52-g30416fa
     0 | D:1      | 0 ||| qw: Game counter: 6203
     0 | D:1      | 0 ||| qw: Melee chars always use a shield: true
     0 | D:1      | 0 ||| qw: God list: Okawaru
     0 | D:1      | 0 ||| qw: Allow faded altars: false
     0 | D:1      | 0 ||| qw: Do Orc after clearing Dungeon:15 true
     0 | D:1      | 0 ||| qw: Do second Lair branch before Depths: true
     0 | D:1      | 0 ||| qw: Lair rune preference: random
     0 | D:1      | 0 ||| qw: Goals: Normal
     0 | D:1      | 0 ||| PLANNING D:1-11
   163 | D:1      | Reached skill level 3 in Ranged Weapons
   169 | D:1      | Reached XP level 2. HP: 20/23 MP: 2/2
   300 | D:1      | Found a faded altar of an unknown god.
   355 | D:1      | 355 ||| FLEEEEING.
   356 | D:1      | 356 ||| FLEEEEING.
   357 | D:1      | 357 ||| FLEEEEING.
   358 | D:1      | 358 ||| FLEEEEING.
   359 | D:1      | 359 ||| FLEEEEING.
   573 | D:1      | 573 ||| UPGRADING to ring of willpower.
   574 | D:1      | 574 ||| UPGRADING to +6 ring of strength.
   575 | D:1      | 575 ||| READING scroll labelled NYHYMP OQYRIXT.
   576 | D:1      | 576 ||| READING scroll labelled JIAJUDOOCAO.
   577 | D:1      | 577 ||| READING scroll labelled OROPNE IWNOHA.
   578 | D:1      | 578 ||| DRINKING 2 sedimented ruby potions.
   578 | D:1      | Gained mutation: You possess an exceptional clarity of
                  | mind. [potion of mutation]
   578 | D:1      | Gained mutation: You have a pair of large horns on your
                  | head. [potion of mutation]
   578 | D:1      | Lost mutation: You have a pair of large horns on your head.
                  | [potion of mutation]
   578 | D:1      | Gained mutation: You are resistant to electric shocks.
                  | (rElec) [potion of mutation]
   579 | D:1      | 579 ||| DROPPING scroll of poison.
   645 | D:2      | Reached XP level 3. HP: 25/29 MP: 3/3
   670 | D:2      | 670 ||| Stepping ~*~*~tactically~*~*~ (outnumbered).
   750 | D:2      | Found a broken altar of Ashenzari.
   777 | D:2      | 777 ||| Stepping ~*~*~tactically~*~*~ (outnumbered).
   937 | D:2      | Noticed Jessica
   946 | D:2      | Killed Jessica
   947 | D:2      | Reached skill level 4 in Ranged Weapons
   971 | D:2      | You fall into a shaft and drop 2 floors!
   990 | D:4      | 990 ||| Stepping ~*~*~tactically~*~*~ (outnumbered).
   997 | D:4      | HP: 3/29 [iguana (13)]
   998 | D:4      | Mangled by an iguana

Levels and vault maps discovered:
D:1:      nicolae_arrival_memento_mori, layout_rooms,
          shapermc_ecumenical_altar_pompeii
D:2:      layout_basic, basic_altar, minmay_tetromino_s2, uniq_jessica
D:4:      layout_loops_ring, okawaru_metal_pillars_3,
          yredelemnul_forgotten_temple_becter, mainiacjoe_overflow_alcove_2,
          minmay_temple_entry_sparse_star, grunt_ministairs_4, minmay_cupped

Skill      XL: |  1  2  3 |
---------------+----------+-----
Ranged Weapons | 3 4 |  4.4
Fighting       | 2 |  2.0
Dodging        | |  2.1
Spellcasting   | |  1.0
Hexes          | |  2.0

Action                     || total
---------------------------++-------
   Fire: Sling             ||   115
    Use: Scroll            ||     3
         Potion            ||     1
 Armour: Robe              ||    10
  Dodge: Dodged            ||    34

Table legend:
 A = Non-vault XP
 B = Vault XP
 C = Vault XP percentage of total XP
 D = Non-vault monster count
 E = Vault monster count
 F = Vault count percentage of total count
                 A         B        C        D         E       F
            +---------+---------+-------+---------+---------+-------
      Total |      55 |      39 |  41.5 |      36 |       2 |   5.3
            +---------+---------+-------+---------+---------+-------
        D:1 |      39 |       0 |   0.0 |      25 |       0 |   0.0
        D:2 |      16 |      37 |  69.8 |      11 |       1 |   8.3
        D:4 |       0 |       2 | 100.0 |       0 |       1 | 100.0
            +---------+---------+-------+---------+---------+-------
